 Dungeon Crawl Stone Soup version 0.19-a0-1468-ge013c26 (webtiles) character file.

35 jacquesderrida the Insei (level 3, -4/19 HPs)
             Began as a Vine Stalker Wanderer on Sept 7, 2016.
             Killed by divine providence
             ... invoked by an orc priest
              (10 damage)
             ... on level 3 of the Dungeon.
             The game lasted 00:01:59 (610 turns).

jacquesderrida the Insei (Vine Stalker Wanderer)     Turns: 610, Time: 00:02:00

Health: -4/19      AC:  5    Str: 12    XL:     3   Next: 33%
Magic:  0/4        EV: 11    Int: 12    God:
Gold:   18         SH:  0    Dex: 16    Spells: 0 memorised, 2 levels left

rFire  . . .     SeeInvis .       - Unarmed
rCold  . . .     Gourm    .     m - +0 ring mail
rNeg   . . .     Faith    .     (no shield)
rPois  .         Spirit   +     (no helmet)
rElec  .         Dismiss  .     (no cloak)
rCorr  .         Reflect  .     (no gloves)
MR     .....     Harm     .     (no boots)
Stlth  +.........               (no amulet)
                                (no ring)
                                (no ring)

@: no status effects
A: fangs 2, magic shield, antimagic bite, no device heal 3, rot immunity
a: no special abilities


You were on level 3 of the Dungeon.
You were not hungry.

You visited 1 branch of the dungeon, and saw 3 of its levels.

You collected 18 gold pieces.

Inventory:

Armour
 d - a +0 robe
 m - a +0 ring mail (worn)
Jewellery
 e - an uncursed ring of flight
Scrolls
 a - a scroll of fear
 b - a scroll of blinking
 g - a scroll of identify {unknown}
 h - a scroll of fog {unknown}
 j - a scroll of enchant armour {unknown}
 k - a scroll of immolation {unknown}
 n - a scroll of magic mapping {unknown}
Potions
 c - 2 potions of curing
Comestibles
 f - a bread ration
 l - 2 chunks of flesh


   Skills:
 - Level 2.6 Fighting
 - Level 1.5 Armour
 - Level 1.5 Dodging
 - Level 1.2 Stealth
 + Level 3.1 Unarmed Combat
 - Level 1.0 Evocations


You had 2 spell levels left.
You didn't know any spells.

Dungeon Overview and Level Annotations

Branches:
Dungeon (3/15)

Altars:


Innate Abilities, Weirdness & Mutations

You have extremely sharp teeth.
When hurt, damage is shared between your health and your magic reserves.
Your bite disrupts and absorbs the magic of your enemies.
Potions and wands cannot restore your health.
You are immune to rotting.


Message History

The orc priest closely misses you.
You barely miss the orc priest.
The orc shouts!
Your bite misses the orc priest. You hit the orc.
The orc is almost dead.
You closely miss the orc. Your bite misses the orc.
The orc is almost dead.
The orc priest calls upon Beogh to heal the orc.
The orc is healed somewhat.
The orc closely misses you.
You closely miss the orc. You bite the orc. You drain its power.
You feel invigorated.
The orc is heavily wounded.
The orc barely misses you.
You hit the orc.
You kill the orc!
The orc priest mumbles some strange prayers to Beogh against you.
Beogh smites you!
Ouch! That really hurt!
You die...

#o ###. ..o #.. #.##..
#.....########
#....oo.o.# #########)#
###@# #...# ####...#
#.. #..'...# #.##
#.##...# #.#.
####^#....+ #.#.
#.......###
#.#.###.###...#######+#
#.#.#.................#


You could see an orc priest.

Vanquished Creatures
  An adder (D:2)
  A dart slug (D:2)
  An orc (D:3)
  A ball python (D:1)
  A bat (D:1)
  3 giant cockroaches (D:1)
  4 hobgoblins (D:1)
  4 kobolds
  A quokka (D:3)
  A giant newt (D:2)
  A goblin (D:1)
  A rat (D:1)
20 creatures vanquished.

Notes
Turn   | Place    | Note
-------+----------+-------------------------------------------
     0 | D:1      | jacquesderrida the Vine Stalker Wanderer began the quest for the Orb.
     0 | D:1      | jacquesderrida set off with: a scroll of fear, a scroll of blinking, 2 potions of curing, a +0 robe, a +0 dagger, a bread ration
     0 | D:1      | Reached XP level 1. HP: 11/11 MP: 2/2
   122 | D:1      | Reached skill level 2 in Unarmed Combat
   122 | D:1      | Reached XP level 2. HP: 5/16 MP: 3/3
   422 | D:2      | Reached XP level 3. HP: 12/19 MP: 4/4
   442 | D:2      | Reached skill level 3 in Unarmed Combat
   610 | D:3      | Killed from afar by an orc priest

Vault maps used:
D:1:      erik_arrival_blinker_ship
D:2:      lemuel_tele_altar
D:3:      ecumenical_altar_1

Skill      XL: |  1  2  3 |
---------------+----------+-----
Unarmed Combat | 2 3 |  3.1
Fighting       | |  2.6
Armour         | |  1.5
Dodging        | |  1.5
Stealth        | |  1.2
Evocations     | |  1.0

Action                   || total
-------------------------++-------
Melee: Unarmed           ||    66
       Bite              ||    16
       Dagger            ||     4
  Use: Potion            ||     1
 Stab: Sleeping          ||     1
Armor: Robe              ||     7
Dodge: Dodged            ||    42
